 Dungeon Crawl Stone Soup version 0.28.0-53-g5a82cb258f (webtiles) character file.

Game seed: 3061298245620475231

704 Gabide the Quickloader (level 7, -1/51 HPs)
             Began as a Barachi Hunter on May 22, 2022.
             Was a Priest of Sif Muna.
             Slain by a quokka (5 damage)
             ... on level 3 of the Dungeon.
             The game lasted 00:07:15 (4489 turns).

Gabide the Quickloader (Barachi Hunter)             Turns: 4489, Time: 00:07:16

Health: -1/51      AC: -1    Str: 13    XL:     7   Next: 66%
Magic:  7/7        EV: 11    Int: 11    God:    Sif Muna [***...]
Gold:   232        SH:  0    Dex: 15    Spells: 6/6 levels left

rFire   . . .      SeeInvis .   j - +1 dagger (drain)
rCold   . . .      Faith    .   (no shield)
rNeg    . . .      Spirit   .   e - +2 ring mail
rPois   .          Reflect  .   (no helmet)
rElec   .          Harm     .   (no cloak)
rCorr   .          Rampage  .   (no gloves)
Will    .....                   (no boots)
Stlth   +.........              (no amulet)
HPRegen 0.17/turn               (no ring)
MPRegen 0.10/turn               (no ring)

@: corroded, unable to hop, slow
A: amphibious, slowness 1, strong legs 1, +LOS
a: Hop, Renounce Religion, Channel Magic, Forget Spell


You were on level 3 of the Dungeon.
You worshipped Sif Muna.
Sif Muna was most pleased with you.
You visited 1 branch of the dungeon, and saw 4 of its levels.

You collected 232 gold pieces.

Inventory:

Hand Weapons
 a - a +1 hand crossbow
 j - a +1 dagger of draining (weapon)
Missiles
 d - a bolt
Armour
 e - a +2 ring mail (worn)
 o - the +1 robe of Jigeoj {rCorr Str+6}
   (You found it on level 2 of the Dungeon)

   Str:       It affects your strength (+6).
   rCorr:     It protects you from acid and corrosion.
Jewellery
 n - a ring of fire
Scrolls
 c - a scroll of torment {unknown}
 g - 2 scrolls of fog {unknown}
 h - a scroll of amnesia {unknown}
 i - a scroll of teleportation
 k - a scroll of noise
 l - a scroll of fear {unknown}
 q - a scroll of vulnerability {unknown}
Potions
 b - a potion of resistance {unknown}
 f - a potion of curing
 m - a potion of haste {unknown}
 p - a potion of degeneration
 r - a potion of lignification {unknown}


   Skills:
 - Level 2.4 Fighting
 + Level 9.2 Crossbows
 - Level 2.1 Dodging
 - Level 0.8 Stealth


You had 6 spell levels left.
You didn't know any spells.
Your spell library was empty.

Dungeon Overview and Level Annotations

Branches:
Dungeon (4/15)
 Temple: D:4-7

Altars:
Ashenzari
Sif Muna


Innate Abilities, Weirdness & Mutations

You are amphibious.
You cover ground slowly.
You can hop short distances.
You have an extended range of vision and can be seen from far away.


Message History

There is an open door here.
A jelly is nearby!
Found a spear.
The jelly quivers.
The jelly hits you.
You are splashed with acid!
You hit the jelly. The acid corrodes you!
Your hands burn!
The jelly is moderately wounded.
The jelly jiggles.
The jelly hits you.
You are splashed with acid!
You hit the jelly.
Your hands burn!
The jelly is moderately wounded.
The jelly hits you. The acid corrodes you!
You are splashed with acid!
You are too injured to fight recklessly!
You are too injured to fight recklessly!
You hit the jelly. You drain the jelly.
Your hands burn!
* * * LOW HITPOINT WARNING * * *
The jelly is severely wounded.
The jelly barely misses you.
Hop to where?
Press: ? - help, Dir - move target An orc comes into view.
It is wielding a +0 dagger.
Found a scroll labelled BIOLUXT FIKLEWN.
Found a stone staircase leading up.
Boing!
You barely miss the orc. The orc hits you with a +0 dagger.
* * * LOW HITPOINT WARNING * * *
A quokka comes into view.
Found 6 gold pieces.
The orc closely misses you.
You see here a +0 spear.
The orc hits you with a +0 dagger.
* * * LOW HITPOINT WARNING * * *
The orc misses you.
There is a stone staircase leading up here.
The quokka bites you.
* * * LOW HITPOINT WARNING * * *
The orc barely misses you. The quokka bites you.
* * * LOW HITPOINT WARNING * * *
You climb upwards.
There is a stone staircase leading down here.
You hit the quokka but do no damage. The quokka bites you.
You die...

### #..######.#.#
#.# #.#.......#.#
#.# #...#######.#
#^# ###†# #.# #.#
#†# #.# #.# #.#
#.# #.# #.# #.#
#.# ########.# #.#
#.# .........# #@#
#.#
################r#
#.#######
................o#
#........
##################
#########


You could see an orc and a quokka.

Vanquished Creatures
  Sigmund (D:3)
  An ogre (D:3)
  A scorpion (D:4)
  A water moccasin skeleton (D:4)
  An orc priest (D:3)
  2 hounds
  A bullfrog skeleton (D:4)
  Natasha (thrice) (D:2)
  An orc wizard (D:4)
  A hound skeleton (D:4)
  4 adders
  5 dart slugs
  9 orcs
  7 endoplasms
  2 giant cockroaches
  10 goblins
  4 hobgoblins (D:1)
  4 quokkas
  10 ball pythons
  2 bats
  16 frilled lizards
  2 kobolds
  6 rats
94 creatures vanquished.

Vanquished Creatures (others)
  2 plants (D:3)
2 creatures vanquished.

Grand Total: 96 creatures vanquished

Notes
Turn   | Place    | Note
-------+----------+-------------------------------------------
     0 | D:1      | Gabide the Barachi Hunter began the quest for the Orb.
     0 | D:1      | Reached XP level 1. HP: 17/17 MP: 1/1
    53 | D:1      | Reached XP level 2. HP: 19/23 MP: 2/2
   494 | D:1      | Found a faded altar of an unknown god.
   676 | D:1      | Prayed at the altar of an unknown god.
   676 | D:1      | Became a worshipper of Sif Muna the Loreminder
   676 | D:1      | Reached * piety under Sif Muna
   870 | D:1      | Reached XP level 3. HP: 28/28 MP: 3/3
   971 | D:1      | Reached skill level 5 in Crossbows
  1159 | D:2      | Noticed Natasha
  1168 | D:2      | Killed Natasha
  1169 | D:2      | Reached XP level 4. HP: 19/34 MP: 4/4
  1341 | D:2      | Noticed Natasha
  1344 | D:2      | Killed Natasha
  1428 | D:2      | Identified the +1 robe of Jigeoj {rCorr Str+6}
  1436 | D:2      | Reached ** piety under Sif Muna
  1510 | D:2      | Reached skill level 6 in Crossbows
  1546 | D:2      | Noticed Natasha
  1554 | D:2      | Killed Natasha
  1555 | D:2      | Reached XP level 5. HP: 31/39 MP: 5/5
  2109 | D:3      | Found a broken altar of Ashenzari.
  2130 | D:3      | Noticed Sigmund
  2164 | D:3      | Killed Sigmund
  2165 | D:3      | Reached skill level 7 in Crossbows
  2165 | D:3      | Reached XP level 6. HP: 12/46 MP: 6/6
  3493 | D:4      | Reached skill level 8 in Crossbows
  3493 | D:4      | Reached XP level 7. HP: 33/51 MP: 7/7
  3630 | D:3      | Reached *** piety under Sif Muna
  4292 | D:4      | Reached skill level 9 in Crossbows
  4489 | D:3      | Slain by a quokka

Illustrated notes

Levels and vault maps discovered:
D:1:      lightli_arrival_statue_moat, layout_loops_cross,
          dreamdust_ecumenical_altar_angels_and_demons
D:2:      layout_loops_cross, uniq_natasha
D:3:      minmay_diamond_boxcup, layout_basic, lemuel_crystal_altar,
          minmay_lizard_king, uniq_sigmund
D:4:      layout_gridville, st_stairs_2

Skill      XL: |  1  2  3  4  5  6  7 |
---------------+----------------------+-----
Crossbows      | 5 6 7 8 9 |  9.2
Fighting       | |  2.4
Dodging        | |  2.1
Stealth        | |  0.8

Action                   |  1- 3 |  4- 6 |  7- 9 || total
-------------------------+-------+-------+-------++-------
Melee: Dagger            |     4 |   108 |    91 ||   203
       Punch             |     1 |     1 |     2 ||     4
 Fire: Hand crossbow     |    62 |    43 |       ||   105
 Abil: Hop               |     1 |     2 |     3 ||     6
Evoke: Wand              |       |       |     3 ||     3
  Use: Scroll            |       |     2 |     2 ||     4
       Potion            |       |     3 |       ||     3
Armor: Ring mail         |     7 |    30 |    45 ||    82
Dodge: Dodged            |    21 |    64 |    76 ||   161
